 Dungeon Crawl Stone Soup version 0.17.0-23-g0de4337 (webtiles) character file.

724 JudasIscariot the Skirmisher (level 7, -1/56 HPs)
             Began as a Demonspawn Fighter on Nov 14, 2015.
             Slain by an elf zombie (6 damage)
             ... in an ossuary.
             The game lasted 00:09:36 (3008 turns).

JudasIscariot the Skirmisher (Demonspawn Fighter)   Turns: 3008, Time: 00:09:37

Health: -1/56      AC:  9    Str: 18    XL:     7   Next: 43%
Magic:  7/7        EV:  9    Int:  9    God:
Gold:   273        SH:  9    Dex: 13    Spells: 0 memorised, 6 levels left

rFire  x . .     SeeInvis .     a - +0 war axe
rCold  + . .     Clarity  .     q - +0 chain mail
rNeg   . . .     SustAt   .     c - +0 shield
rPois  .         Gourm    .     (helmet restricted)
rElec  .         Spirit   .     (no cloak)
rCorr  .         Warding  .     (no gloves)
rMut   .         Stasis   .     (no boots)
MR     .....                    (no amulet)
Stlth  ..........               g - ring of ice
                                p - +2 ring of evasion

@: not resistant to hostile enchantments, extremely unstealthy
A: antennae 2, repulsion field 1, rot immunity
a: no special abilities


You were in an ossuary.
You were hungry.

You visited 1 branch of the dungeon, and saw 4 of its levels.
You also visited: Ossuary.

You collected 273 gold pieces.

Inventory:

Hand Weapons
 a - a +0 war axe (weapon)
Armour
 b - a +0 scale mail
 c - a +0 shield (worn)
 q - a +0 chain mail (worn)
Jewellery
 g - a ring of ice (right hand)
 o - an uncursed amulet of resist mutation
 p - a +2 ring of evasion (left hand)
Wands
 n - a wand of paralysis (9)
Scrolls
 d - a scroll of random uselessness {unknown}
 j - 5 scrolls of identify {unknown}
 l - a scroll of remove curse {unknown}
 m - a scroll of amnesia {unknown}
 s - a scroll of fog {unknown}
 t - a scroll of magic mapping {unknown}
 u - a scroll of immolation {unknown}
Potions
 f - a potion of brilliance {unknown}
 h - 3 potions of curing
 i - 3 potions of heal wounds {unknown}
 k - a potion of cancellation {unknown}
 v - 2 potions of cure mutation {unknown}
 w - a potion of mutation {unknown}
Comestibles
 e - 3 bread rations
 r - a meat ration


   Skills:
 * Level 5.1 Fighting
 * Level 4.2 Axes
 * Level 4.6 Armour
 - Level 2.1 Dodging
 - Level 0.4 Stealth
 + Level 3.5 Shields


You had 6 spell levels left.
You didn't know any spells.

Dungeon Overview and Level Annotations

Branches:
Dungeon (4/15)             Temple (0/1) D:4

Altars:
Ashenzari


Innate Abilities, Weirdness & Mutations

You have a pair of antennae on your head.
You are surrounded by a mild repulsion field (EV +2).
You are immune to rotting.


Message History

Unknown command.
You hit the elf zombie.
Your shield and chain mail prevent you from hitting the mummy.
The mummy is heavily damaged.
The elf zombie hits you but does no damage.
The elf zombie hits you.
* * * LOW HITPOINT WARNING * * *
Unknown command.
You slash the elf zombie! You hit the mummy but do no damage.
The mummy is heavily damaged.
You block the mummy's attack. The elf zombie closely misses you.
Unknown command.
You slash the elf zombie! You hit the mummy.
The mummy is heavily damaged.
You block the mummy's attack. The elf zombie hits you.
* * * LOW HITPOINT WARNING * * *
You slash the elf zombie! You hit the mummy.
The mummy is severely damaged.
The elf zombie hits you.
You die...

#...# {{#..#....#...#
#...#. {{#..#..#.#...#
#...#.####..####.#...#
#...#............#...#
#...#.......####.#...#
#...#.......#..#.#...#
#...#.......#....#...#
#...#...M.∩.######...#
#...####Z@.......#...#
#...#.ZZ#...####.#...#
#...#.Z{#...#....#...#
#...##############...#
#....................#
#.........∩∩.........#
######################


You could see a mummy, a rat zombie, a kobold zombie, a big kobold zombie and an
elf zombie.

Vanquished Creatures
  An ogre (D:4)
  2 elf zombies (Ossuary)
  2 orc priests (D:3)
  2 human zombies (Ossuary)
  A worker ant (D:4)
  A giant frog skeleton (D:4)
  2 human skeletons (D:4)
  Terence (D:2)
  Natasha (thrice) (D:2)
  A big kobold zombie (Ossuary)
  A mummy (Ossuary)
  2 adders
  7 gnolls (D:3)
  An adder zombie (Ossuary)
  An adder skeleton (D:4)
  3 worms
  5 giant geckos
  5 orcs
  2 ball pythons
  5 bats
  A giant cockroach (D:1)
  11 hobgoblins
  2 jackals (D:1)
  2 quokkas
  A giant newt (D:2)
  10 goblins
  6 hobgoblin zombies (Ossuary)
  8 kobolds
  7 kobold zombies (Ossuary)
  11 orc zombies (Ossuary)
  A quokka skeleton (D:4)
  5 rats
113 creatures vanquished.

Notes
Turn   | Place    | Note
--------------------------------------------------------------
     0 | D:1      | JudasIscariot the Demonspawn Fighter began the quest for the Orb.
     0 | D:1      | Reached XP level 1. HP: 18/18 MP: 1/1
    78 | D:1      | Gained mutation: You have a pair of small antennae on your head. [demonic ancestry]
    78 | D:1      | Reached XP level 2. HP: 18/24 MP: 2/2
   539 | D:1      | Gained mutation: You are immune to rotting. [demonic ancestry]
   539 | D:1      | Reached XP level 3. HP: 25/29 MP: 3/3
   649 | D:2      | Found a shattered altar of Ashenzari.
   655 | D:2      | Noticed Terence
   664 | D:2      | Killed Terence
   730 | D:2      | Reached skill level 1 in Dodging
   730 | D:2      | Gained mutation: You have a pair of antennae on your head. [demonic ancestry]
   730 | D:2      | Reached XP level 4. HP: 29/37 MP: 4/4
   772 | D:2      | Noticed Natasha
   778 | D:2      | Killed Natasha
   819 | D:2      | Noticed Natasha
   854 | D:2      | Killed Natasha
   854 | D:2      | Reached skill level 4 in Fighting
  1009 | D:2      | Noticed Natasha
  1016 | D:2      | Killed Natasha
  1173 | D:3      | Gained mutation: You are surrounded by a mild repulsion field (EV +2). [demonic ancestry]
  1173 | D:3      | Reached XP level 5. HP: 23/42 MP: 5/5
  1818 | D:3      | Reached XP level 6. HP: 10/49 MP: 6/6
  2674 | D:4      | Found a staircase to the Ecumenical Temple.
  2693 | D:4      | Found a sand-covered staircase.
  2706 | Ossuary  | Entered an ossuary
  2861 | Ossuary  | Reached XP level 7. HP: 52/55 MP: 7/7
  2964 | Ossuary  | Reached skill level 5 in Fighting
  3008 | Ossuary  | Slain by an elf zombie

Action                   |  1- 3 |  4- 6 |  7- 9 || total
-------------------------+-------+-------+-------++-------
Melee: War axe           |   102 |   243 |    85 ||   430
  Use: Potion            |       |     6 |       ||     6
  Eat: Chunk             |       |     7 |       ||     7
